AoeStats
← TERMINATOR

Arena

510240459Analyzed
4v4 RM · 3d ago on Sep 30, 2026· 53m 44s· 8 players
Game mode
Random Map
Map size
Large (8 player)
Population
200
Speed
Normal
Resources
Standard
Victory
Conquest
Starting age
Dark Age
Ending age
Imperial Age
RankedLock teamsTeams togetherTeam positionsShared explorationLock speedFull tech treeHidden civsTurbo modeCheats
Victory
Defeat
🇲🇽 Burgundians · Mexico
1335
+15
🇮🇳 Danes · India
1304
+17
🇺🇸 Tupi · United States
1294
+17
🇮🇳 Poles · India
1247
+19
🇲🇽 Persians · Mexico
1382
-19
🇲🇽 Koreans · Mexico
1341
-18
🇲🇽 Maya · Mexico
1336
-18
🇰🇷 Jurchens · South Korea
1217
-13
Mikey
9:59 Feudal Age
11:00 Loom
14:01 Castle Age
12:15 Double-Bit Axe
12:38 Horse Collar
18:46 Scale Mail Armor
22:38 Chain Mail Armor
24:16 Forging
24:35 Arson
25:09 Squires
25:49 Iron Casting
31:40 Imperial Age
32:33 Heavy Scorpion
34:29 Ballistics
35:10 Chemistry
Villano91
10:41 Feudal Age
15:01 Castle Age
13:30 Double-Bit Axe
13:35 Horse Collar
14:38 Bow Saw
23:39 Two-Man Saw
23:55 Wheelbarrow
23:44 Heavy Plow
28:31 Imperial Age
26:46 Crop Rotation
27:06 Scale Barding Armor
27:11 Forging
27:19 Hand Cart
26:50 Town Watch
27:01 Gold Mining
27:04 Stone Mining
27:28 Loom
27:19 Cavalier
27:59 Husbandry
28:22 Chain Barding Armor
29:20 Iron Casting
29:27 Gold Shaft Mining
29:28 Stone Shaft Mining
29:14 Masonry
29:12 Town Patrol
28:52 Paladin
31:12 Chemistry
30:56 Light Cavalry
32:33 Hussar
33:01 Elite Skirmisher
33:03 Hussar
35:02 Plate Barding Armor
35:28 Blast Furnace
34:18 Fletching
35:43 Ballistics
35:55 Architecture
35:22 Murder Holes
35:19 Fletching
37:50 Conscription
38:22 Coinage
38:02 Guilds
37:53 Caravan
40:39 Bodkin Arrow
40:45 Padded Archer Armor
43:21 Squires
42:41 Pikeman
43:06 Arson
43:23 Scale Mail Armor
43:25 Bracer
43:40 Leather Archer Armor
44:08 Hoardings
44:01 Bracer
43:47 Halberdier
45:52 Chain Mail Armor
47:24 Plate Mail Armor
47:09 Leather Archer Armor
47:40 Fortified Wall
48:41 Burgundian Vineyards
TERMINATOR
11:15 Feudal Age
14:55 Castle Age
13:14 Horse Collar
15:15 Double-Bit Axe
24:00 Bow Saw
28:03 Imperial Age
26:19 Szlachta Privileges
26:54 Forging
26:50 Scale Barding Armor
26:49 Heavy Plow
27:04 Husbandry
27:55 Wheelbarrow
27:57 Bloodlines
27:51 Loom
29:15 Iron Casting
29:01 Chain Barding Armor
28:07 Cavalier
28:13 Light Cavalry
29:17 Conscription
38:24 Lechitic Legacy
38:22 Winged Hussar
39:36 Fortified Wall
39:37 Masonry
41:24 Crop Rotation
52:20 Pikeman
User1162
10:55 Feudal Age
14:22 Castle Age
12:26 Double-Bit Axe
12:52 Horse Collar
15:28 Bow Saw
15:19 Heavy Plow
22:46 Wheelbarrow
24:02 Hand Cart
28:14 Imperial Age
25:32 Loom
25:44 Fletching
26:02 Gold Mining
26:05 Stone Mining
25:59 Treadmill Crane
27:59 Gold Shaft Mining
27:22 Bodkin Arrow
28:14 Scale Mail Armor
28:24 Forging
28:22 Padded Archer Armor
27:49 Champi Runner
28:30 Squires
29:55 Two-Man Saw
28:30 Elite Blackwood Archer
29:32 Conscription
28:43 Champi Warrior
28:46 Pikeman
30:01 Chain Mail Armor
30:22 Iron Casting
29:47 Bracer
29:47 Padded Archer Armor
29:42 Town Watch
29:42 Elite Champi Warrior
31:34 Chemistry
30:05 Elite Skirmisher
31:35 Plate Mail Armor
31:28 Ballistics
30:37 Capped Ram
32:13 Leather Archer Armor
32:24 Caciques
34:26 Ring Archer Armor
33:31 Siege Ram
36:06 Arson
37:04 Town Patrol
37:21 Curare
37:47 Guard Tower
37:45 Arrowslits
38:39 Hoardings
40:18 Murder Holes
40:59 Keep
40:22 Murder Holes
40:41 Halberdier
41:54 Crossbowman
42:51 Arbalester
47:29 Sappers
51:25 Illumination
51:38 Theocracy
51:57 Caravan
52:42 Coinage
OverladenSnake6
10:37 Feudal Age
15:32 Castle Age
14:54 Double-Bit Axe
20:17 Horse Collar
23:27 Loom
23:49 Heavy Plow
24:10 Bow Saw
25:37 Wheelbarrow
30:00 Imperial Age
30:47 Squires
30:32 Arson
31:01 Forging
30:52 Scale Mail Armor
32:02 Chemistry
31:29 Fletching
32:43 Iron Casting
32:22 Elite Fire Lancer
33:55 Chain Mail Armor
33:31 Elite War Wagon
33:42 Pikeman
34:37 Halberdier
36:48 Plate Mail Armor
36:13 Bodkin Arrow
38:21 Bracer
RKs Raggz
10:11 Feudal Age
11:18 Double-Bit Axe
11:20 Loom
14:06 Castle Age
23:30 Wheelbarrow
24:30 Hand Cart
23:58 Horse Collar
24:29 Gold Mining
24:36 Stone Mining
29:33 Imperial Age
28:33 Gold Shaft Mining
28:39 Stone Shaft Mining
28:19 Scale Barding Armor
28:25 Forging
28:41 Bloodlines
28:31 Husbandry
29:17 Heavy Plow
30:01 Chain Barding Armor
30:49 Iron Casting
32:06 Plate Barding Armor
32:21 Crop Rotation
32:10 Husbandry
31:38 Elite War Elephant
34:11 Blast Furnace
34:52 Conscription
34:53 Bow Saw
34:30 Town Watch
38:09 Two-Man Saw
52:50 Devotion
Diplessbachus29
9:46 Feudal Age
10:25 Double-Bit Axe
17:54 Castle Age
18:12 Loom
20:15 Wheelbarrow
21:19 Bow Saw
JimenezEleven
0:32 Loom
9:22 Feudal Age
14:15 Castle Age
12:54 Double-Bit Axe
13:25 Horse Collar
21:23 Fletching
23:50 Bodkin Arrow
24:58 Town Watch
25:18 Padded Archer Armor
27:22 Wheelbarrow
31:03 Imperial Age
29:20 Masonry
29:01 Pikeman
29:42 Squires
29:56 Forging
31:03 Thumb Ring
32:22 Leather Archer Armor
32:33 Halberdier
34:17 Iron Casting
40:04 Chemistry
Connection lost

Rejoining the realm…

Still unreachable

The connection could not be restored.

Session expired

The server has moved on; the page needs a fresh start.